 Dungeon Crawl Stone Soup version 0.29.0-5-ge4962eb29e (webtiles) character file.

Game seed: 10187373220071013295

3382 iguanaiguana the Stinger (level 9, -1/67 HPs)
             Began as a Demigod Venom Mage on Aug 30, 2022.
             Slain by a water moccasin (5 damage)
             ... on level 7 of the Dungeon.
             The game lasted 00:59:01 (6918 turns).

iguanaiguana the Stinger (Demigod Venom Mage)       Turns: 6918, Time: 00:59:01

Health: -1/67      AC:  4    Str:  9    XL:     9   Next: 46%
Magic:  13/18      EV: 12    Int: 29    God:
Gold:   227        SH:  0    Dex: 14    Spells: 1/16 levels left

rFire   . . .      SeeInvis .   b - +2 trident (vorpal)
rCold   . . .      Faith    .   (no shield)
rNeg    . . .      Spirit   .   a - +0 robe
rPois   +          Reflect  .   i - +0 helmet
rElec   .          Harm     .   t - +0 cloak
rCorr   .          Rampage  .   (no gloves)
Will    .....                   (no boots)
Stlth   ++........              x - amulet of the acrobat
HPRegen 0.21/turn               e - ring of wizardry
MPRegen 0.16/turn               j - ring of poison resistance

@: lethally poisoned (-1 -> -10), hasted, very quick
A: high MP 1, forlorn, divine attributes
a: no special abilities


You were on level 7 of the Dungeon.
You visited 1 branch of the dungeon, and saw 8 of its levels.
You also visited: Sewer.

You collected 227 gold pieces.

Inventory:

Hand Weapons
 b - a +2 vorpal trident (weapon)
 f - a +0 dagger
 n - a +0 club
 v - a +0 whip of venom
 C - a +1 dagger of draining
Missiles
 m - 17 poisoned darts
 z - a throwing net
Armour
 a - a +0 robe (worn)
 i - a +0 helmet (worn)
 t - a +0 cloak (worn)
 u - a +0 ring mail
Jewellery
 d - a +6 ring of strength
 e - a ring of wizardry (left hand)
 j - a ring of poison resistance (right hand)
 o - a ring of wizardry
 x - an amulet of the acrobat (around neck)
 B - a ring of see invisible
 E - a ring of willpower
Wands
 y - a wand of polymorph (4)
Scrolls
 c - a scroll of torment
 q - a scroll of immolation
 s - a scroll of magic mapping {unknown}
 w - a scroll of amnesia {unknown}
 D - 3 scrolls of butterflies
 F - a scroll of silence {unknown}
Potions
 g - 3 potions of haste {@q4}
 h - 3 potions of flight
 k - 2 potions of degeneration {unknown}
 l - 2 potions of brilliance
 H - 2 potions of mutation {unknown}
 I - a potion of berserk rage {unknown}


   Skills:
 - Level 2.0 Fighting
 - Level 1.7 Dodging
 - Level 1.7 Stealth
 - Level 4.0 Spellcasting
 + Level 5.8 Conjurations
 - Level 0.8 Transmutations
 + Level 5.8 Ice Magic
 + Level 5.8 Air Magic
 - Level 6.3 Poison Magic


You had one spell level left.
You knew the following spells:

 Your Spells              Type           Power      Damage    Failure   Level
a - Sting                 Tmut/Pois      100%       1d8       1%          1
b - Poisonous Vapours     Pois/Air       82%        N/A       1%          2
c - Mephitic Cloud        Conj/Pois/Air  40%        N/A       1%          3
d - Olgreb's Toxic Radia  Pois           42%        N/A       1%          4
e - Freezing Cloud        Conj/Ice/Air   19%        6-21      7%          5

Your spell library contained the following spells:

 Spells                   Type           Power      Damage    Failure   Level
 Simulacrum               Ice/Necr       11%        N/A       75%         6
 Polar Vortex             Ice            19%        N/A       100%        9


Dungeon Overview and Level Annotations

Branches:
Dungeon (8/15) Zot: 26527  Temple (0/1) D:5           Sewer (visited)
   Lair: D:8-11

Annotations:
D:3 2 transporters, sirJeffrey23's ghost, amateur DrMo
D:5 2 transporters
D:8 Gastronok; Maurice


Innate Abilities, Weirdness & Mutations

You have an increased reservoir of magic. (+10% MP)
You shall have no god before yourself.
Your divine heritage dramatically boosts your attributes as you level up.


Message History

* * * LOW HITPOINT WARNING * * *
The water moccasin bites you.
* * * LOW HITPOINT WARNING * * *
Reach: b) +2 trident (vorpal)
Press: ? - help, Dir - move target, f/p - water moccasin
Aim: a water moccasin (severely wounded, about 58% to evade your +2 vorpal trident)
You closely miss the water moccasin.
The water moccasin is severely wounded.
The water moccasin bites you.
* * * LOW HITPOINT WARNING * * *
Okay, then.
Okay, then.
Casting: Freezing Cloud (dangerous; 7% risk of failure)
Confirm with . or Enter, or press ? or * to list all spells.
Aiming: Sting (safe; 1% risk of failure)
Press: ? - help, Shift-Dir - straight line, f/p - water moccasin
Aim: a water moccasin (severely wounded, 63% to hit)
The sting hits the water moccasin.
The water moccasin is poisoned.
The water moccasin is severely wounded.
The water moccasin bites you.
* * * LOW HITPOINT WARNING * * *
Casting: Sting (safe; 1% risk of failure)
Confirm with . or Enter, or press ? or * to list all spells.
Aiming: Sting (safe; 1% risk of failure)
Press: ? - help, Shift-Dir - straight line, f/p - water moccasin
Aim: a water moccasin (severely wounded, poisoned, 63% to hit)
The sting misses the water moccasin.
You are no longer poisoned.
The water moccasin bites you!
* * * LOW HITPOINT WARNING * * *
You are lethally poisoned!
The water moccasin poisons you!
Okay, then.
Okay, then.
Okay, then.
You feel yourself speed up.
* * * LOW HITPOINT WARNING * * *
You feel very sick. The water moccasin bites you.
You die...

#....#........# #....#........#
#....#........#
#############....'.#'######
###............#....###.# ####
#..............#....###.# #...
#..............#........# #.##
#.....###......#.....########..#
+.....'.'......@................
##.....###.....S#.........#####.#
....^..###......#......#..# #...
................###..#.#..####...
......(..........................
................#.##.#.#.##.#.###
..............###....#..........#
...####.......# # .....<....#.#..
...# #.......# #...########....


You could see a water moccasin (poisoned).

Vanquished Creatures
  A two-headed ogre (D:6)
  A moth of wrath (D:7)
  3 yaks (D:8)
  A steam dragon (D:7)
  2 water moccasins (D:7)
  An ice beast (D:6)
  A centaur (D:6)
  3 kobold brigands
  2 bullfrogs (D:6)
  2 necrophages
  3 scorpions
  A wight (D:7)
  An electric eel (D:6)
  2 howler monkeys
  A hound (D:5)
  A jelly (D:6)
  An orc priest (D:8)
  A gnoll bouda (D:3)
  Jessica (D:2)
  2 iguanas
  Natasha (D:2)
  3 orc wizards
  13 adders
  6 gnolls
  3 river rats
  2 shadow imps (D:7)
  A white imp (D:6)
  An ufetubus (D:5)
  6 worms
  4 dart slugs
  43 orcs
  5 ball pythons
  3 endoplasms (D:2)
  6 giant cockroaches
  7 goblins
  8 hobgoblins
  6 jackals
  6 quokkas
  3 bats
  2 frilled lizards
  7 kobolds
  15 rats
182 creatures vanquished.

Vanquished Creatures (others)
  A fungus (D:5)
  7 plants (D:3)
8 creatures vanquished.

Grand Total: 190 creatures vanquished

Notes
Turn   | Place    | Note
-------+----------+-------------------------------------------
     0 | D:1      | iguanaiguana the Demigod Venom Mage began the quest for the
                  | Orb.
     0 | D:1      | Reached XP level 1. HP: 14/14 MP: 5/5
   160 | D:1      | Reached skill level 3 in Poison Magic
   458 | D:1      | Reached XP level 2. HP: 18/20 MP: 2/7
  1083 | D:2      | Reached skill level 4 in Poison Magic
  1083 | D:2      | Reached XP level 3. HP: 14/26 MP: 2/8
  1086 | D:2      | Learned a level 2 spell: Poisonous Vapours
  1150 | D:2      | Noticed Natasha
  1166 | D:2      | Killed Natasha
  1167 | D:2      | Reached skill level 1 in Air Magic
  1171 | D:2      | Learned a level 3 spell: Mephitic Cloud
  1243 | D:2      | Noticed Jessica
  1251 | D:2      | Killed Jessica
  1252 | D:2      | Reached XP level 4. HP: 29/33 MP: 2/9
  1327 | D:2      | Reached skill level 1 in Conjurations
  1623 | D:3      | Found a transporter.
  1625 | D:3      | Noticed sirJeffrey23's ghost (amateur DrMo)
  1626 | D:3      | Noticed a phantom
  1627 | D:3      | Found a transporter.
  1676 | D:3      | Reached XP level 5. HP: 28/39 MP: 3/10
  1714 | D:3      | Reached skill level 1 in Fighting
  1752 | D:3      | Found a glowing drain.
  1797 | Sewer    | Entered a sewer
  2098 | Sewer    | Reached XP level 6. HP: 41/48 MP: 3/12
  2103 | Sewer    | Learned a level 4 spell: Olgreb's Toxic Radiance
  2838 | D:3      | Reached skill level 5 in Poison Magic
  3332 | D:4      | Identified the +0 robe of the Lachrymose God {Dex+2}
  3735 | D:4      | Reached XP level 7. HP: 55/55 MP: 11/14
  3893 | D:5      | Entered Level 5 of the Dungeon
  4001 | D:5      | Reached skill level 6 in Poison Magic
  4174 | D:5      | Found a transporter.
  4280 | D:5      | Found a transporter.
  4355 | D:5      | Reached skill level 1 in Ice Magic
  4493 | D:5      | Found a staircase to the Ecumenical Temple.
  4594 | D:5      | Found a runed translucent door.
  4595 | D:5      | Noticed Crazy Yiuf
  4599 | D:5      | Noticed Crazy Yiuf
  4599 | D:5      | Crazy Yiuf changed into Crazy Yiuf the rat
  4602 | D:5      | Killed Crazy Yiuf the rat
  4788 | D:7      | Reached XP level 8. HP: 46/59 MP: 16/16
  5547 | D:6      | Noticed a two-headed ogre
  5588 | D:6      | Killed a two-headed ogre
  5596 | D:6      | Learned a level 5 spell: Freezing Cloud
  5808 | D:7      | Noticed a moth of wrath
  5880 | D:7      | Killed a moth of wrath
  5881 | D:7      | Reached skill level 5 in Conjurations
  5881 | D:7      | Reached skill level 5 in Ice Magic
  5881 | D:7      | Reached skill level 5 in Air Magic
  5881 | D:7      | Reached XP level 9. HP: 67/67 MP: 8/18
  6568 | D:8      | Noticed Maurice
  6686 | D:8      | Noticed Gastronok
  6918 | D:7      | Slain by a water moccasin

Illustrated notes

Levels and vault maps discovered:
D:1:      minmay_arrival_stair_chambers, layout_rooms, basic_ecumenical_altar
D:2:      layout_loops_corners, chequers_hall_statues_wall_a, uniq_jessica,
          uniq_natasha
D:3:      layout_loops_ring, mainiacjoe_overflow_chevrons,
          chequers_temple_overflow_minitemple, gammafunk_temple_overflow_wave,
          gammafunk_ghost_mausoleum, gup_sewer_entry_bubbles, minmay_hedge_maze
D:4:      layout_basic, glass_columns_b
D:5:      layout_loops_ring, mainiacjoe_overflow_alcove_4,
          minmay_temple_entry_enclosed_plants, gammafunk_ghost_stat_death,
          minivault_14, uniq_crazy_yiuf_cottage
D:6:      layout_layer_cave, mainiacjoe_overflow_alcove_1,
          yredelemnul_altar_generic, kennysheep_small_spiral
D:7:      layout_basic, grunt_dithmenos_smoke, tgw_trog
D:8:      layout_rooms, pdpol_wu_jian_five_deadly_venoms, kennysheep_little_box,
          uniq_maurice, uniq_gastronok

Skill      XL: |  1  2  3  4  5  6  7  8 |
---------------+-------------------------+-----
Poison Magic   | 3 4 5 6 |  6.3
Spellcasting   | 2 3 4 |  4.0
Air Magic      | 2 3 5 |  5.8
Conjurations   | 2 3 5 |  5.8
Fighting       | 2 |  2.0
Ice Magic      | 3 5 |  5.8
Dodging        | |  1.7
Stealth        | |  1.7
Transmutations | |  0.8

Action                   |  1- 3 |  4- 6 |  7- 9 || total
-------------------------+-------+-------+-------++-------
Melee: Dagger            |     5 |    76 |    42 ||   123
       Whip              |       |    28 |       ||    28
       Trident           |       |     2 |    87 ||    89
       Punch             |       |     1 |     3 ||     4
 Cast: Sting             |    79 |   144 |    59 ||   282
       Poisonous Vapours |       |    33 |    32 ||    65
       Mephitic Cloud    |       |     3 |     6 ||     9
       Olgreb's Toxic Ra |       |       |     8 ||     8
       Freezing Cloud    |       |       |     6 ||     6
Evoke: Wand              |       |       |     2 ||     2
  Use: Scroll            |       |     2 |     8 ||    10
       Potion            |       |     3 |     8 ||    11
 Stab: Confused          |       |     2 |     3 ||     5
       Sleeping          |       |     1 |     2 ||     3
Armor: Robe              |     3 |    23 |     3 ||    29
       Ring mail         |       |    18 |    31 ||    49
Dodge: Dodged            |    23 |    80 |    78 ||   181
